 Dungeon Crawl Stone Soup version 0.21.1-1-g345015f (webtiles) character file.

375 Iko the Shield-Bearer (level 6, 0/43 HPs)
             Began as an Octopode Fighter on May 8, 2018.
             Was an Initiate of Trog.
             Succumbed to a worker ant's poison
             ... while paralysed
             ... on level 9 of the Dungeon.
             The game lasted 00:12:54 (1656 turns).

Iko the Shield-Bearer (Octopode Fighter)            Turns: 1656, Time: 00:12:56

Health: 0/43       AC:  1    Str: 13    XL:     6   Next: 73%
Magic:  5/5        EV:  2    Int: 12    God:    Trog [......]
Gold:   201        SH:  0    Dex: 12    Spells: 5/5 levels left

rFire    + . .     SeeInvis .   e - +2 whip (holy)
rCold    . . .     Gourm    .   a - +0 shield
rNeg     . . .     Faith    .   (helmet restricted)
rPois    .         Spirit   .   (no amulet)
rElec    .         Reflect  .   f - ring of fire
rCorr    .         Harm     .   (no ring)
MR       .....     Clarity  +   (no ring)
Stlth    +++.......             (no ring)
HPRegen  0.14/turn              (no ring)
MPRegen  0.09/turn              (no ring)
                                (no ring)
                                (no ring)

@: paralysed, lethally poisoned (0 -> -4), fainting
A: almost no armour, stealthy swim, amphibious, 8 rings, constrict 8, camouflage
1, clarity, cold resistance 1, low mp 1, weak 1, gelatinous body 1
a: Burn Spellbooks, Renounce Religion


You were on level 9 of the Dungeon.
You worshipped Trog.
Trog was noncommittal.
You were fainting.

You visited 1 branch of the dungeon, and saw 9 of its levels.

You collected 201 gold pieces.

Inventory:

Hand Weapons
 e - a +2 whip of holy wrath (weapon)
Missiles
 i - a tomahawk (quivered)
Armour
 a - a +0 shield (worn)
Jewellery
 f - a ring of fire (left tentacle)
Scrolls
 d - 2 scrolls of remove curse
 g - a scroll of magic mapping
 j - 2 scrolls of identify
Potions
 b - a potion of might
 h - 3 potions of curing
Comestibles
 c - 5 rations


   Skills:
 + Level 3.8 Fighting
 + Level 3.1 Maces & Flails
 + Level 2.3 Throwing
 + Level 4.1 Dodging
 + Level 2.0 Stealth
 + Level 4.1 Shields
 + Level 2.1 Unarmed Combat


You had 5 spell levels left.
You didn't know any spells.

Dungeon Overview and Level Annotations

Branches:
Dungeon (9/15)
 Temple: D:4-7         Lair: D:8-11         Orc: D:9-12

Altars:
Trog

Shops:
D:7 :

Portals:
Bailey: D:8


Innate Abilities, Weirdness & Mutations

You cannot wear most types of armour.
You are very stealthy in the water. (Stealth+)
You are amphibious.
You can wear up to eight rings at the same time.
You can use your tentacles to constrict eight enemies at once.
Your skin changes colour to match your surroundings (Stealth+).
Your rubbery body absorbs attacks. (AC +1, EV +1)
You possess an exceptional clarity of mind.
Your flesh is cold resistant. (rC+)
Your magical capacity is low. (-10% MP)
You are weak. (Str -2)


Message History

You constrict the worker ant. The worker ant bites you.
* * * LOW HITPOINT WARNING * * *
You are lethally poisoned!
The worker ant poisons you!
You constrict the worker ant.
* * * LOW HITPOINT WARNING * * *
You feel sick. The worker ant bites you.
* * * LOW HITPOINT WARNING * * *
You constrict the worker ant.
You kill the worker ant!
Trog accepts your kill.
* * * LOW HITPOINT WARNING * * *
You feel sick.
* * * LOW HITPOINT WARNING * * *
You feel sick.
* * * LOW HITPOINT WARNING * * *
You feel sick.
* * * LOW HITPOINT WARNING * * *
You feel sick.
You die...

#. #. #.
#.#####
#.#...###
#.#....<#
#.....###
##.#.##
#@#.#
#†#.#
#.#.#
.(..#
#...#
#...#
#...
#(..#


There were no monsters in sight!

Vanquished Creatures
  A bullfrog (D:6)
  A scorpion (D:8)
  A crimson imp (D:6)
  A hound (D:7)
  4 worker ants
  3 gnolls (D:6)
  3 adders
  An ooze (D:2)
  A dart slug (D:3)
  3 orcs (D:3)
  3 ball pythons
  5 bats
  4 giant cockroaches
  A goblin (D:1)
  2 hobgoblins
  7 jackals
  3 kobolds
  A quokka zombie (D:7)
  2 rats
47 creatures vanquished.

Notes
Turn   | Place    | Note
-------+----------+-------------------------------------------
     0 | D:1      | Iko the Octopode Fighter began the quest for the Orb.
     0 | D:1      | Reached XP level 1. HP: 16/16 MP: 1/1
   122 | D:2      | Reached XP level 2. HP: 21/21 MP: 2/2
   213 | D:2      | Reached XP level 3. HP: 16/26 MP: 3/3
   501 | D:3      | Reached XP level 4. HP: 26/31 MP: 4/4
   503 | D:3      | Reached skill level 1 in Maces & Flails
  1059 | D:4      | Gained mutation: You are weak. (Str -2) [potion of mutation]
  1059 | D:4      | Gained mutation: Your flesh is cold resistant. (rC+) [potion of mutation]
  1059 | D:4      | Gained mutation: Your magical capacity is low. (-10% MP) [potion of mutation]
  1059 | D:4      | Gained mutation: You possess an exceptional clarity of mind. [potion of mutation]
  1098 | D:5      | Entered Level 5 of the Dungeon
  1130 | D:6      | Noticed a bullfrog
  1137 | D:6      | Killed a bullfrog
  1137 | D:6      | Reached skill level 1 in Stealth
  1137 | D:6      | Reached XP level 5. HP: 13/36 MP: 4/4
  1174 | D:6      | Found a bloodstained altar of Trog.
  1183 | D:6      | Reached skill level 1 in Throwing
  1226 | D:6      | Became a worshipper of Trog the Wrathful
  1279 | D:6      | Reached XP level 6. HP: 20/43 MP: 5/5
  1348 | D:7      | Found Qeujicu's Book Boutique.
  1543 | D:8      | Found a flagged portal.
  1647 | D:9      | Paralysed by fainting for 11 turns
  1653 | D:9      | HP: 2/43 [poisoned by a worker ant]
  1656 | D:9      | Succumbed to a worker ant's poison

Skill      XL: |  1  2  3  4  5  6 |
---------------+-------------------+-----
Maces & Flails | 2 3 |  3.1
Stealth        | 1 2 |  2.0
Throwing       | 1 2 |  2.3
Dodging        | 4 |  4.1
Shields        | 4 |  4.1
Fighting       | |  3.8
Unarmed Combat | |  2.1

Action                   |  1- 3 |  4- 6 || total
-------------------------+-------+-------++-------
Melee: Club              |    64 |     7 ||    71
       Constrict         |    22 |    12 ||    34
       Tentacles         |    12 |    12 ||    24
       Unarmed           |     1 |       ||     1
       Punch             |     1 |       ||     1
       Whip              |       |    49 ||    49
Throw: Tomahawk          |       |    42 ||    42
  Use: Potion            |     5 |     2 ||     7
       Scroll            |     4 |     1 ||     5
 Stab: Sleeping          |     1 |       ||     1
Armor: Skin              |     6 |    14 ||    20
Dodge: Dodged            |    34 |    34 ||    68
Block: Shield            |    35 |    19 ||    54
